AoeStats
← CapitanGarfio

Arabia

508993462Analyzed
1v1 RM · 6d ago on Sep 25, 2026· 40m 8s· 2 players
Game mode
Random Map
Map size
Tiny (2 player)
Population
200
Speed
Normal
Resources
Standard
Victory
Conquest
Starting age
Dark Age
Ending age
Imperial Age
RankedLock teamsTeams togetherTeam positionsShared explorationLock speedFull tech treeHidden civsTurbo modeCheats
Victory
Defeat
🇲🇽 Byzantines · Mexico
413
+9
🇦🇷 Byzantines · Argentina
241
-9
matiascronopios
11:07 Feudal Age
20:12 Double-Bit Axe
20:50 Gold Mining
23:40 Stone Mining
29:23 Castle Age
CapitanGarfio
7:21 Loom
11:31 Feudal Age
12:57 Wheelbarrow
13:47 Horse Collar
13:56 Double-Bit Axe
31:17 Castle Age
30:51 Forging
30:42 Scale Mail Armor
30:47 Scale Barding Armor
30:42 Padded Archer Armor
30:32 Fletching
32:22 Hand Cart
33:19 Pikeman
33:59 Squires
33:24 Light Cavalry
Connection lost

Rejoining the realm…

Still unreachable

The connection could not be restored.

Session expired

The server has moved on; the page needs a fresh start.